Map: [ESL] Oceanborn

Players

Cyan

  • Race: Protoss Protoss
  • Spawn Location: 11:00

Lambo - Winner!

  • Race: Zerg Zerg
  • Spawn Location: 5:00

Event: ESL SC2 Masters 2023 Winter (Finals)

VOD

Have the link to the VOD?

Description

Time

  • Played on: Dec. 16, 2023, 10:19 a.m.
  • Length: 13:03

All games in this series

Show
View Real Time Build Order
Export as new Build Order

Cyan Protoss 

Build Orders: 1 Gate Expand, Oracle Opening 

Get SALT Encoding   

  12  0:00  Probe  
  13  0:13  Pylon  
  13  0:17  Probe (Chrono Boost)  
  14  0:27  Probe (Chrono Boost)  
  15  0:32  Probe (Chrono Boost)  
  16  0:39  Gateway  
  16  0:44  Probe  
  16  0:49  Assimilator  
  17  0:56  Probe  
  18  1:08  Probe  
  19  1:20  Probe  
  19  1:24  Nexus  
  20  1:35  Cybernetics Core  
  20  1:37  Probe  
  21  1:42  Assimilator  
  21  1:49  Probe  
  21  1:52  Pylon  
  22  2:01  Probe  
  23  2:09  Adept (Chrono Boost)  
  23  2:13  Probe  
  26  2:17  Stargate  
  26  2:25  Probe  
  26  2:26  Warp Gate  
  27  2:30  Adept (Chrono Boost)  
  27  2:36  Probe (Chrono Boost)  
  30  2:43  Probe (Chrono Boost)  
  31  2:46  Probe (Chrono Boost)  
  31  2:51  Probe x2 (Chrono Boost)  
  33  2:52  Adept  
  36  3:04  Oracle (Chrono Boost)  
  36  3:07  Probe  
  36  3:10  Probe  
  36  3:11  Pylon  
  41  3:19  Probe  
  42  3:20  Gateway  
  42  3:31  Adept  
  42  3:32  Oracle (Chrono Boost), Probe  
  41  3:37  Probe  
  45  3:41  Pylon  
  45  3:44  Probe  
  45  3:48  Gateway  
  46  3:50  Probe  
  47  3:56  Probe  
  47  4:01  Twilight Council  
  48  4:02  Probe  
  48  4:09  Probe  
  50  4:14  Stalker  
  50  4:16  Adept  
  54  4:20  Probe  
  54  4:25  Probe  
  55  4:32  Probe  
  55  4:35  Nexus  
  55  4:36  Resonating Glaives (Chrono Boost), Pylon  
  54  4:40  Pylon  
  54  4:46  Adept x2  
  54  4:47  Adept  
  54  4:49  Probe  
  61  4:54  Probe  
  61  4:57  Assimilator  
  62  5:00  Shield Battery  
  62  5:01  Probe  
  62  5:06  Probe  
  64  5:13  Probe  
  65  5:16  Adept x3  
  65  5:18  Probe  
  65  5:21  Robotics Facility  
  72  5:25  Probe  
  73  5:29  Pylon  
  73  5:30  Probe  
  74  5:37  Adept  
  74  5:38  Adept  
  78  5:44  Pylon  
  78  5:47  Adept, Forge, Probe x2  
  78  5:48  Probe  
  78  5:49  Pylon  
  83  5:59  Probe x2  
  83  6:00  Probe  
  83  6:04  Adept x2  
  83  6:11  Probe x2  
  89  6:12  Immortal (Chrono Boost), Adept  
  89  6:14  Probe  
  89  6:16  Blink  
  88  6:23  Protoss Ground Weapons Level 1 (Chrono Boost), Probe x2  
  86  6:27  Probe  
  86  6:30  Assimilator  
  86  6:31  Pylon  
  87  6:33  Gateway  
  87  6:35  Gateway, Probe  
  87  6:38  Gateway  
  88  6:40  Assimilator  
  88  6:43  Immortal (Chrono Boost)  
  92  6:47  Gateway  
  92  6:48  Gateway  
  92  6:57  Sentry x2  
  92  6:58  Probe  
  92  7:00  Pylon  
  97  7:12  Nexus  
  97  7:15  Pylon  
  97  7:16  Pylon  
  97  7:20  Observer (Chrono Boost)  
  98  7:26  Stalker x2  
  98  7:27  Stalker  
  104  7:32  Stalker x2  
  104  7:33  Warp Prism, Stalker  
  104  7:35  Photon Cannon  
  112  7:43  Probe  
  113  7:45  Shield Battery  
  113  7:48  Stalker x2  
  117  7:52  Stalker x3  
  117  7:56  Stalker x2  
  127  8:00  Stalker  
  127  8:01  Probe  
  127  8:02  Probe x2  
  132  8:13  Stalker x2  
  132  8:16  Probe  
  131  8:33  Stalker x6  
  141  8:34  Protoss Ground Weapons Level 2 (Chrono Boost)  
  141  8:38  Stalker  
  135  8:44  Stalker  
  135  8:47  Probe  
  138  8:48  Probe  
  121  9:11  Immortal (Chrono Boost)  
  121  9:18  Adept x3  
  127  9:25  Charge  
  127  9:26  Stalker  
  127  9:27  Stalker x4  
  136  9:36  Probe  
  137  9:40  Stalker x3  
  137  9:43  Shield Battery  
  133  9:45  Shield Battery  
  133  9:50  Stalker  
  133  9:51  Stalker x3  
  125  9:53  Probe  
  125  10:11  Stalker x4  
  106  10:17  Stalker x3  
  98  10:21  Zealot  
  98  10:25  Probe x2  
  96  10:35  Stalker x4  
  85  10:46  Stalker x2  
  83  10:54  Stalker  
  83  10:56  Probe  
  83  10:57  Probe x3  
  86  10:59  Assimilator  
  86  11:01  Assimilator  
  86  11:03  Immortal (Chrono Boost)  
  87  11:05  Photon Cannon  
  87  11:07  Assimilator, Photon Cannon, Shield Battery  
  87  11:09  Zealot x7, Probe x3  
  87  11:10  Gateway  
  108  11:12  Robotics Facility, Gateway  
  108  11:18  Probe (Chrono Boost)  
  108  11:22  Shield Battery  
  108  11:25  Probe x2 (Chrono Boost)  
  112  11:26  Photon Cannon  
  112  11:28  Photon Cannon  
  112  11:29  Stalker  
  112  11:30  Probe (Chrono Boost), Stalker  
  116  11:38  Stalker x3  
  116  11:39  Zealot x2  
  126  11:40  Zealot  
  105  11:56  Stalker x2  
  105  12:00  Stalker x2  
  105  12:01  Stalker  
  106  12:06  Stalker  
  94  12:16  Immortal  
  94  12:19  Zealot x4  
  82  12:37  Stalker x2  
  82  12:38  Stalker x2  
  82  12:41  Stalker x3  
  86  12:44  Stalker  
  86  12:49  Stalker  
  73  12:53  Zealot  
Show
View Real Time Build Order
Export as new Build Order

Lambo Zerg - Winner!

Build Orders: Hatch First 

Get SALT Encoding   

  12  0:00  Drone  
  13  0:12  Overlord  
  13  0:16  Drone  
  14  0:30  Drone x2  
  16  0:48  Hatchery  
  15  0:51  Drone  
  15  0:54  Drone  
  17  0:57  Drone  
  18  1:08  Extractor  
  17  1:12  Spawning Pool  
  17  1:15  Drone  
  17  1:19  Drone  
  18  1:28  Drone  
  19  1:38  Drone  
  20  1:50  Overlord  
  20  1:58  Queen  
  20  1:59  Queen  
  20  2:00  Drone  
  20  2:01  Zergling x2  
  26  2:08  Metabolic Boost  
  26  2:11  Zergling x2, Drone  
  28  2:21  Drone  
  29  2:23  Drone  
  30  2:32  Drone x2  
  32  2:39  Hatchery  
  32  2:43  Queen  
  33  2:49  Overlord  
  33  2:51  Zergling x2  
  34  2:57  Zergling x2  
  35  3:00  Drone  
  33  3:05  Queen  
  33  3:10  Drone x3  
  33  3:11  Drone  
  39  3:14  Drone  
  40  3:20  Zergling x2  
  39  3:28  Drone x3  
  39  3:30  Drone x2  
  44  3:39  Overlord  
  44  3:45  Overlord  
  44  3:53  Drone x5  
  49  3:57  Queen  
  49  4:01  Drone x3  
  54  4:07  Spore Crawler  
  54  4:09  Drone x2  
  54  4:14  Drone x3  
  57  4:17  Drone x2  
  57  4:19  Overlord  
  58  4:24  Drone  
  58  4:28  Drone x4  
  58  4:30  Overlord  
  62  4:41  Drone x3  
  62  4:43  Queen  
  66  4:49  Drone x4  
  66  4:50  Roach Warren  
  66  4:51  Extractor  
  68  4:53  Zergling x4  
  68  4:54  Evolution Chamber  
  68  4:57  Drone x3  
  68  4:58  Overlord  
  72  5:00  Zergling x2  
  72  5:01  Zergling x2  
  72  5:06  Spore Crawler, Overlord  
  72  5:09  Zergling x2  
  73  5:15  Overlord  
  73  5:16  Overlord  
  73  5:17  Lair  
  73  5:19  Zergling x2, Extractor  
  73  5:20  Zergling x8  
  77  5:26  Drone x4  
  77  5:27  Zerg Melee Weapons Level 1, Drone  
  82  5:31  Drone  
  82  5:32  Drone, Overlord  
  84  5:36  Overlord  
  84  5:38  Drone  
  84  5:41  Extractor  
  84  5:43  Hatchery  
  84  5:45  Overlord  
  84  5:47  Overlord  
  84  5:48  Roach  
  85  5:53  Evolution Chamber  
  85  5:54  Evolution Chamber  
  85  5:55  Roach x5  
  93  6:01  Evolution Chamber  
  93  6:02  Roach x3  
  98  6:05  Roach x2  
  101  6:13  Roach x2  
  101  6:15  Roach  
  99  6:26  Spore Crawler  
  99  6:31  Drone x4  
  99  6:32  Drone  
  103  6:33  Zerg Missile Weapons Level 1  
  103  6:36  Overlord  
  103  6:38  Drone x3  
  103  6:39  Drone x3  
  109  6:42  Hatchery  
  109  6:43  Drone  
  109  6:46  Extractor, Queen  
  110  6:56  Extractor, Drone x2  
  110  6:57  Drone, Glial Reconstitution  
  110  6:59  Drone x2  
  110  7:00  Drone x3  
  117  7:03  Baneling Nest  
  117  7:04  Roach  
  117  7:05  Roach  
  120  7:10  Roach x5  
  130  7:18  Hatchery  
  129  7:29  Zergling x6, Roach x7  
  146  7:31  Zerg Melee Weapons Level 2  
  146  7:37  Overlord x2  
  146  7:43  Overlord  
  145  7:44  Overlord  
  145  7:48  Centrifugal Hooks  
  145  7:51  Overlord  
  145  7:52  Drone  
  145  7:53  Overlord  
  145  7:55  Queen, Overlord  
  148  8:00  Drone x3  
  148  8:02  Drone x3  
  154  8:05  Drone x3  
  154  8:06  Drone  
  154  8:11  Zergling x2  
  157  8:13  Ravager x5  
  157  8:15  Zergling x4  
  163  8:20  Ravager x2  
  163  8:21  Zergling x12  
  163  8:23  Zergling x6  
  165  8:31  Zergling x2  
  165  8:32  Zergling x6  
  162  8:35  Zergling x2  
  154  8:42  Roach x3  
  154  8:45  Roach x3  
  154  8:47  Queen x3  
  161  8:49  Ravager x5  
  161  8:50  Zergling x6, Roach  
  161  8:53  Roach  
  161  8:54  Zergling x8  
  168  9:03  Zergling x6  
  168  9:07  Zergling x4, Queen  
  168  9:13  Zergling x2  
  168  9:21  Zergling x12  
  168  9:22  Queen  
  176  9:24  Spore Crawler  
  176  9:25  Zergling x2  
  176  9:26  Spine Crawler  
  176  9:28  Zergling x2  
  176  9:30  Hatchery  
  174  9:32  Zergling x2  
  174  9:34  Zergling x2  
  174  9:38  Zergling x2  
  175  9:41  Zergling x6  
  175  9:43  Queen x2  
  174  9:46  Zergling x2  
  174  9:47  Overlord  
  174  9:48  Baneling x7, Overlord  
  174  9:51  Overlord  
  173  9:55  Zergling x10  
  173  9:58  Zergling x6  
  155  10:10  Roach x7  
  155  10:13  Roach x3  
  164  10:17  Roach x6  
  165  10:22  Roach x3  
  165  10:28  Roach  
  156  10:31  Roach x3  
  153  10:38  Roach  
  147  10:43  Zergling x16  
  147  10:49  Zergling x4  
  141  10:52  Zergling x2  
  141  10:54  Zergling x2  
  137  11:01  Zergling x10  
  137  11:02  Ravager x2  
  144  11:08  Zergling x10  
  144  11:09  Baneling x16  
  149  11:16  Zergling x24  
  149  11:17  Ravager  
  149  11:18  Ravager  
  163  11:19  Baneling x2  
  163  11:22  Zergling x6  
  163  11:24  Baneling x2  
  166  11:27  Zergling x4  
  166  11:28  Baneling x3  
  166  11:32  Zergling x4  
  169  11:34  Zergling x2, Baneling x4  
  169  11:36  Zergling x10  
  175  11:40  Zergling x2  
  175  11:41  Zergling x16  
  175  11:45  Zergling x10  
  169  11:56  Roach x5  
  167  12:02  Roach x3  
  167  12:07  Roach  
  167  12:08  Roach x4  
  171  12:12  Roach x3  
  171  12:13  Roach  
  168  12:20  Zergling x14  
  172  12:28  Zergling x12  
  167  12:31  Zergling x6  
  167  12:33  Zergling x2  
  168  12:40  Zergling x12  
  168  12:43  Zergling x4  
Tags
 
Add a new tag
Caveats
  • Supply blocks, unpowered buildings, or Contaminate may cause inaccurate times.
  • Supply counts are checked every 10 seconds.